 Dungeon Crawl Stone Soup version 0.29.1-13-g9f3cf754e1 (webtiles) character file.

Game seed: 302335347536686599

446 MacCMillion the Caller (level 7, -1/41 HPs)
             Began as an Octopode Summoner on Feb 9, 2023.
             Was an Initiate of Gozag.
             Slain by a lemure (4 damage)
             ... led by Pikel
             ... on level 3 of the Dungeon.
             The game lasted 00:13:23 (5553 turns).

MacCMillion the Caller (Octopode Summoner)          Turns: 5553, Time: 00:13:23

Health: -1/41      AC:  1    Str:  7    XL:     7   Next: 3%
Magic:  8/13       EV: 13    Int: 19    God:    Gozag
Gold:   376        SH:  0    Dex: 13    Spells: 7/14 levels left

rFire   . . .      SeeInvis .   j - +0 dagger
rCold   . . .      Faith    .   (no shield)
rNeg    . . .      Spirit   .   (helmet restricted)
rPois   .          Reflect  .   (no amulet)
rElec   .          Harm     .   (no ring)
rCorr   .          Rampage  .   (no ring)
Will    .....                   (no ring)
Stlth   +++.......              (no ring)
HPRegen 0.13/turn               (no ring)
MPRegen 0.13/turn               (no ring)
                                (no ring)
                                (no ring)

@: no status effects
A: almost no armour, amphibious, 8 rings, camouflage 1, gelatinous body 1,
(nimble swimmer 1), tentacles
a: Renounce Religion, Potion Petition, Call Merchant, Bribe Branch


You were on level 3 of the Dungeon.
You worshipped Gozag.
Gozag was aware of your devotion.
You visited 1 branch of the dungeon, and saw 4 of its levels.

You collected 405 gold pieces.
You paid 29 gold pieces to Gozag.

Inventory:

Hand Weapons
 j - a +0 dagger (weapon)
Jewellery
 u - an amulet of the acrobat
Wands
 l - a wand of polymorph (6)
Scrolls
 b - 4 scrolls of identify {unknown}
 d - a scroll of brand weapon {unknown}
 h - a scroll of silence {unknown}
 i - 3 scrolls of enchant armour {unknown}
 k - 2 scrolls of teleportation {unknown}
 n - 3 scrolls of immolation {unknown}
 q - a scroll of amnesia {unknown}
 r - a scroll of poison {unknown}
 t - a scroll of noise {unknown}
Potions
 a - 3 potions of magic
 c - a potion of berserk rage {unknown}
 e - a potion of might {unknown}
 f - 3 potions of heal wounds {unknown}
 g - a potion of attraction {unknown}
 m - a potion of lignification {unknown}
 o - a potion of mutation {unknown}
 p - 2 potions of curing {unknown}
 s - a potion of brilliance {unknown}


   Skills:
 - Level 2.0 Dodging
 - Level 2.6 Stealth
 + Level 4.0 Spellcasting
 + Level 2.5 Hexes
 + Level 6.5 Summonings


You had 7 spell levels left.
You knew the following spells:

 Your Spells              Type           Power      Damage    Failure   Level
a - Summon Small Mammal   Summ           100%       N/A       1%          1
b - Call Canine Familiar  Summ           28%        N/A       2%          3
c - Summon Guardian Gole  Hex/Summ       21%        N/A       6%          3

Your spell library contained the following spells:

 Spells                   Type           Power      Damage    Failure   Level
 Call Imp                 Summ           28%        N/A       1%          2
 Ensorcelled Hibernation  Hex/Ice        16%        N/A       12%         2
 Magic Dart               Conj           12%        1d3       14%         1
 Shock                    Conj/Air       12%        1d3       14%         1
 Passwall                 Tmut/Erth      2%         N/A       21%         2
 Summon Lightning Spire   Summ/Air       16%        N/A       34%         4
 Mephitic Cloud           Conj/Pois/Air  3%         N/A       38%         3
 Stone Arrow              Conj/Erth      6%         3d7       38%         3
 Swiftness                Air            3%         N/A       38%         3
 Lehudib's Crystal Spear  Conj/Erth      1%         10d2      100%        8
 Animate Armour           Summ/Erth      Unusable   N/A       N/A         4

Dungeon Overview and Level Annotations

Branches:
Dungeon (4/15)
 Temple: D:4-7

Altars:
Gozag
Okawaru
Zin

Shops:
D:3 :

Annotations:
D:2 1 runed translucent door, Crazy Yiuf, Natasha
D:4 1 exclusion, Pikel


Innate Abilities, Weirdness & Mutations

You cannot wear most types of armour.
You are amphibious.
You can wear up to eight rings at the same time.
Your skin changes colour to match your surroundings (Stealth+).
Your rubbery body absorbs attacks. (AC +1, EV +1)
((You are camouflaged when in or above water. (Stealth+)))
You have tentacles for arms and can constrict up to eight enemies at once.


Message History

The orc priest hits you with a +0 dagger.
The lemure attacks as you move away! The lemure hits you.
Your hound closely misses the lemure.
The orc priest hits you with a +0 dagger.
Your hound closely misses the lemure.
Your hound bites the orc priest.
There is a stone staircase leading up here.
Your hound closely misses the orc priest.
The orc priest misses you. The lemure hits you.
* * * LOW HITPOINT WARNING * * *
Your quokka barely misses the lemure.
You climb upwards.
There is a stone staircase leading down here.
Okay, then.
Casting: Summon Small Mammal (safe; 1% risk of failure)
Confirm with . or Enter, or press ? or * to list all spells.
The orc priest misses you. The lemure hits you!
* * * LOW HITPOINT WARNING * * *
Unknown command.
Okay, then.
Aiming: Polymorph
Press: ? - help, Shift-Dir - straight line, f - orc priest
Aim: an orc priest, wielding a +0 dagger and wearing a +0 ring mail (lightly wounded, ally target, will become a bat, a howler monkey, or an iguana, chance to affect: 49%)
The orc priest resists with some effort.
The lemure barely misses you. The orc priest misses you.
Aiming: Polymorph
Press: ? - help, Shift-Dir - straight line, f/p - orc priest
Aim: an orc priest, wielding a +0 dagger and wearing a +0 ring mail (lightly wounded, ally target, will become a bat, a howler monkey, or an iguana, chance to affect: 49%)
The orc priest resists with some effort.
Your hound bites the orc priest but does no damage.
The lemure misses you. The orc priest barely misses you.
Your hound bites the orc priest but does no damage.
Unknown command.
Unknown command.
Aiming: Polymorph
Press: ? - help, Shift-Dir - straight line, f/p - orc priest
Aim: an orc priest, wielding a +0 dagger and wearing a +0 ring mail (lightly wounded, ally target, will become a bat, a howler monkey, or an iguana, chance to affect: 49%)
The orc priest evaporates and reforms as a howler monkey!
Your hound bites the howler monkey.
The lemure hits you.
You die...
Your body crumbles into a pile of gold.

#.##.#####.##.##.##.....##..#
##..#.# #.##.##.#.......#.##
....#.# #.......#.......#.#
....#.# #.###......._.....#
......#####.# ##..#.......#.#
#####.......# ##.#.......#.#
#...#..#.#### #.##.....##.#
.#...#.#.########h####.####.#
#.).#..#........@h..........#
#####.##########.5..........#
......# ##############
....### #####


You could see a lemure, a howler monkey (ally target) and a friendly hound
(summoned).

Vanquished Creatures
  A ball python (D:1)
  A giant cockroach (D:3)
  A hobgoblin (D:3)
  A quokka (D:2)
  A bat (D:1)
5 creatures vanquished.

Vanquished Creatures (collateral kills)
  A phantom (D:4)
  A lemure (D:3)
  3 orc priests
  A hound (D:4)
  2 iguanas (D:4)
  2 orc wizards (D:3)
  4 gnolls (D:3)
  3 adders
  2 dart slugs (D:1)
  9 orcs
  3 ball pythons
  3 bats
  3 endoplasms
  4 giant cockroaches
  8 goblins
  5 hobgoblins
  7 jackals (D:4)
  2 quokkas
  A frilled lizard (D:2)
  4 kobolds
  5 rats
73 creatures vanquished.

Vanquished Creatures (others)
  A plant (D:3)
1 creature vanquished.

Grand Total: 79 creatures vanquished

Notes
Turn   | Place    | Note
-------+----------+-------------------------------------------
     0 | D:1      | MacCMillion the Octopode Summoner began the quest for the
                  | Orb.
     0 | D:1      | Reached XP level 1. HP: 11/11 MP: 3/3
   580 | D:1      | Reached XP level 2. HP: 17/17 MP: 1/5
  1123 | D:2      | Noticed Natasha
  1388 | D:2      | Found a glowing silver altar of Zin.
  1502 | D:2      | Reached XP level 3. HP: 21/21 MP: 3/6
  1506 | D:2      | Learned a level 3 spell: Call Canine Familiar
  1790 | D:2      | Found a runed translucent door.
  1791 | D:2      | Noticed Crazy Yiuf
  2191 | D:3      | Reached skill level 5 in Summonings
  2191 | D:3      | Reached XP level 4. HP: 27/27 MP: 2/8
  2904 | D:2      | Learned a level 3 spell: Summon Guardian Golem
  2927 | D:3      | Reached XP level 5. HP: 17/31 MP: 3/9
  3244 | D:3      | Reached skill level 1 in Hexes
  3463 | D:3      | Found a faded altar of an unknown god.
  3481 | D:3      | Got Plato's Enchiridion on the Birds
  3577 | D:3      | Found Jawkiargha's Book Shop.
  3626 | D:3      | Reached skill level 6 in Summonings
  3626 | D:3      | Reached XP level 6. HP: 31/36 MP: 6/11
  3765 | D:3      | Found an opulent altar of Gozag.
  3778 | D:3      | Became a worshipper of Gozag Ym Sagoz the Greedy
  3930 | D:4      | Found an iron altar of Okawaru.
  5189 | D:4      | Reached XP level 7. HP: 39/41 MP: 7/13
  5217 | D:4      | Noticed Pikel
  5550 | D:3      | HP: 2/41 [lemure[Pikel] (9)]
  5553 | D:3      | Slain by a lemure

Illustrated notes

Levels and vault maps discovered:
D:1:      psy_arrival_fountain, layout_rooms
D:2:      layout_basic, basic_altar, uniq_crazy_yiuf_cottage, uniq_natasha
D:3:      kennysheep_big_flooded_room, layout_loops_ring, old_standard_altar,
          shapermc_ecumenical_altar_rom_forum, serial_shops, nicolae_shop_stone,
          minmay_distorted
D:4:      layout_loops_corners, amcnicky_altar_gilded,
          corexii_item_surrounded_by_moat, minmay_goblin_outpost, uniq_pikel

Skill      XL: |  1  2  3  4  5  6 |
---------------+-------------------+-----
Summonings     | 5 6 |  6.5
Spellcasting   | 3 4 |  4.0
Hexes          | 1 2 |  2.5
Dodging        | |  2.0
Stealth        | |  2.6

Action                   |  1- 3 |  4- 6 |  7- 9 || total
-------------------------+-------+-------+-------++-------
Melee: Unarmed           |     5 |       |       ||     5
       Tentacles         |     3 |     2 |       ||     5
       Constrict         |     5 |     3 |       ||     8
       Dagger            |     5 |    13 |       ||    18
 Cast: Summon Small Mamm |    50 |    21 |     1 ||    72
       Call Canine Famil |     1 |    27 |     7 ||    35
       Summon Guardian G |       |       |     1 ||     1
Evoke: Wand              |       |       |     3 ||     3
Armor: Skin              |     1 |     5 |     1 ||     7
Dodge: Dodged            |    11 |    18 |    11 ||    40
